Map: Cerulean Fall LE

Players

Ruby - Winner!

  • Race: Zerg Zerg
  • League: Platinum
  • Spawn Location: 1:00

lIlIlIlI

  • Race: Zerg Zerg
  • Spawn Location: 7:00

VOD

Have the link to the VOD?

Description

First test of zerg rush

Time

  • Played on: Oct. 23, 2018, 11:55 a.m.
  • Length: 4:20
Show
View Real Time Build Order
Export as new Build Order

Ruby Zerg - Winner!

Build Orders: Pool First 

Get SALT Encoding   

  12  0:00  Drone  
  13  0:07  Drone  
  14  0:17  Overlord  
  14  0:29  Extractor x2, Drone  
  14  0:30  Drone  
  14  0:35  Drone  
  17  0:47  Spawning Pool  
  16  0:50  Drone  
  17  1:13  Drone  
  17  1:16  Hatchery  
  17  1:17  Drone  
  18  1:19  Extractor  
  17  1:26  Drone  
  18  1:33  Queen  
  20  1:45  Overlord, Zergling x2  
  21  1:53  Zergling x2  
  22  2:04  Zergling x2  
  23  2:09  Overlord, Queen  
  25  2:21  Drone  
  26  2:28  Queen  
  28  2:30  Drone  
  28  2:33  Zergling x2  
  29  2:40  Spine Crawler  
  29  2:42  Metabolic Boost  
  27  2:48  Zergling x2  
  25  2:54  Zergling x2  
  25  2:59  Zergling x2  
  25  3:30  Zergling x8  
  25  3:33  Zergling x4  
  25  3:34  Baneling Nest  
  30  3:43  Zergling x4  
  30  3:44  Zergling x4  
Show
View Real Time Build Order
Export as new Build Order

lIlIlIlI Zerg 

Build Orders: Pool First 

Get SALT Encoding   

  12  0:02  Drone  
  13  0:11  Drone  
  14  0:18  Extractor  
  13  0:29  Spawning Pool  
  13  0:33  Drone  
  13  0:38  Drone  
  14  0:48  Overlord  
  14  1:08  Drone  
  14  1:11  Drone  
  16  1:16  Zergling x2  
  17  1:23  Zergling x2  
  17  1:25  Metabolic Boost  
  18  1:31  Zergling x2  
  19  1:33  Queen  
  21  1:43  Zergling x2  
  22  1:52  Overlord  
  22  1:58  Baneling Nest  
  21  2:05  Zergling x2  
  22  2:16  Zergling x2  
  24  2:37  Zergling x4  
  25  2:47  Zergling x4  
  25  2:48  Zergling x2  
  23  3:02  Zergling x2  
  24  3:10  Zergling x2  
  25  3:22  Zergling x2  
  26  3:29  Baneling x2  
  26  3:30  Baneling x3  
  26  3:47  Hatchery  
  21  4:02  Zergling x2  
  21  4:03  Zergling x2  
Tags
 
Add a new tag
Caveats
  • Supply blocks, unpowered buildings, or Contaminate may cause inaccurate times.
  • Supply counts are checked every 10 seconds.